 Dungeon Crawl Stone Soup version 0.31-a0-1603-gbec6b6ccbf (webtiles) character file.

Game seed: 16084698035123892834

109 Xavori the Trooper (level 5, -2/48 HPs)
             Began as a Djinni Chaos Knight on Jan 8, 2024.
             Was a Plaything of Xom.
             Killed from afar by a white imp (9 damage)
             ... with a puff of frost
             ... summoned by Xom
             ... on level 3 of the Dungeon.
             The game lasted 00:02:09 (9577 turns).

Xavori the Trooper (Djinni Chaos Knight)            Turns: 9577, Time: 00:02:10

Health: -2/48      AC:  6    Str: 11      XL:     5   Next: 13%
Gold:   121        EV: 12    Int: 12 (14) God:    Xom [....*.] SH:  0 Dex: 14

rFire   + + .        a - +1 falchion (chaos)
rCold   . . .        (no shield)
rNeg    . . .        b - +2 leather armour
rPois   ∞            (no helmet)
rElec   .            (no cloak)
rCorr   .            h - +0 pair of gloves
SInv    .            (boots unavailable)
Will    .....        (no amulet)
Stlth   +            e - ring of protection from cold
HPRegen 0.28/turn    (no ring)
MPRegen 0.00/turn

%: clarity, infuse magic (-3 HP)
@: flying
A: sickness immunity, fire resistance 2, cold vulnerability 1, float, innate
caster, HP casting, extra vitality 1, clarity, robust 2
a: Renounce Religion


You were on level 3 of the Dungeon.
You worshipped Xom.
You were a beloved toy of Xom.
You visited 1 branch of the dungeon, and saw 3 of its levels.

You collected 121 gold pieces.

Inventory:

Hand Weapons
 a - a +1 falchion of chaos (weapon)
Missiles
 i - a throwing net
Armour
 b - a +2 leather armour (worn)
 h - a +0 pair of gloves (worn)
Jewellery
 e - a ring of protection from cold (left hand)
Wands
 j - a wand of digging (7)
Scrolls
 c - a scroll of butterflies
 f - a scroll of summoning {unknown}
 g - 2 scrolls of teleportation {unknown}
 l - a scroll of revelation {unknown}
 m - a scroll of identify {unknown}
 o - a scroll of immolation {unknown}
Potions
 d - a potion of brilliance {unknown}
 k - a potion of lignification {unknown}
 n - a potion of berserk rage {unknown}


   Skills:
 + Level 3.4 Fighting
 + Level 3.1 Long Blades
 + Level 1.9 Armour
 + Level 2.9 Dodging
 * Level 1.8 Spellcasting
 * Level 1.8 Conjurations
 * Level 1.8 Hexes
   Level 0.0 Charms
 * Level 1.8 Summonings
 * Level 1.8 Necromancy
 * Level 1.8 Translocations
   Level 0.0 Transmutations
 * Level 1.8 Fire Magic
 * Level 1.8 Ice Magic
 * Level 1.8 Air Magic
 * Level 1.8 Earth Magic
 * Level 1.8 Alchemy


You knew the following spells:

 Your Spells              Type           Power      Damage    Failure   Level
a - Apportation           Tloc           10%        N/A       17%         1
b - Searing Ray           Conj           10%        2d4       26%         2
Your spell library was empty.

Dungeon Overview and Level Annotations

Branches:
Dungeon (3/15)

Altars:
Gozag

Shops:
D:3 *


Innate Abilities, Weirdness & Mutations

You are immune to sickness and miasma.
You are immune to poison.
Your flesh is very heat resistant. (rF++)
You are vulnerable to cold. (rC-)
You float through the air rather than walking.
You learn spells naturally, not from books.
Your magical power is your life essence.
You have superior vitality. (+4 MHP)
You possess an exceptional clarity of mind.
You are very robust. (+20% HP)


Message History

The white imp misses you.
You are too injured to fight recklessly!
Unknown command.
You are too injured to fight recklessly!
Unknown command.
You are too injured to fight recklessly!
Unknown command.
You are too injured to fight recklessly!
Unknown command.
You are too injured to fight recklessly!
You barely miss the white imp.
The white imp is severely wounded.
The white imp is no longer moving slowly.
The white imp gestures at you. The puff of frost hits you.
You barely miss the white imp.
The white imp is severely wounded.
The white imp hits you but does no damage.
The white imp gestures at you. The puff of frost hits you.
* * * LOW HITPOINT WARNING * * *
Unknown command.
You closely miss the white imp.
The white imp is severely wounded.
The white imp closely misses you.
The white imp hits you but does no damage.
The white imp hits you.
* * * LOW HITPOINT WARNING * * *
The white imp freezes you.
* * * LOW HITPOINT WARNING * * *
You hit the white imp.
You kill the white imp!
The white imp disappears in a puff of smoke!
The white imp hits you but does no damage.
You barely miss the white imp. The white imp barely misses you.
You hit the white imp.
The white imp is severely wounded.
The white imp gestures at you. The puff of frost hits you!
You die...

###### ....>#
.###.# †# #.# .#
#.# .###.#########
...#.........######
...#.#####.....5@.#
.....# ########)#
...#.# #)# ...#.#
#.# ####)# #.## #..
#..# ... #..# ...#
#..# ..# #.##


You could see a white imp (summoned).

Vanquished Creatures
  An orc priest (D:3)
  An adder (D:2)
  2 dart slugs (D:1)
  6 orcs (D:3)
  4 bats (D:1)
  7 endoplasms
  5 giant cockroaches
  3 goblins
  5 hobgoblins
  3 jackals (D:2)
  A quokka (D:2)
  3 ball pythons
  A frilled lizard (D:2)
  6 kobolds
  7 rats
55 creatures vanquished.

Vanquished Creatures (collateral kills)
  A bat (D:3)
1 creature vanquished.

Grand Total: 56 creatures vanquished

Notes
Turn   | Place    | Note
-------+----------+-------------------------------------------
     0 | D:1      | Xavori the Djinni Chaos Knight began the quest for the Orb.
     0 | D:1      | Reached XP level 1. HP: 20/20 MP: 0/0
   132 | D:1      | XOM: silly message
   186 | D:1      | XOM: silly message
   246 | D:1      | Reached XP level 2. HP: 25/25 MP: 0/0
   479 | D:1      | Reached XP level 3. HP: 29/30 MP: 0/0
   479 | D:1      | Learned a level 1 spell: Apportation
   503 | D:1      | Reached skill level 1 in Spellcasting
   503 | D:1      | Reached skill level 1 in Conjurations
   503 | D:1      | Reached skill level 1 in Hexes
   503 | D:1      | Reached skill level 1 in Summonings
   503 | D:1      | Reached skill level 1 in Necromancy
   503 | D:1      | Reached skill level 1 in Translocations
   503 | D:1      | Reached skill level 1 in Fire Magic
   503 | D:1      | Reached skill level 1 in Ice Magic
   503 | D:1      | Reached skill level 1 in Air Magic
   503 | D:1      | Reached skill level 1 in Earth Magic
   503 | D:1      | Reached skill level 1 in Alchemy
  1875 | D:1      | XOM: give mutations
  1875 | D:1      | Gained mutation: You are robust. (+10% HP) [Xom's mischief]
  1875 | D:1      | Gained mutation: Your movements are slightly less
                  | encumbered by armour. (ER -2) [Xom's mischief]
  2276 | D:1      | XOM: stat loss: -1 Dex (13/14)
  2339 | D:1      | XOM: summons 2 hostile demons
  2340 | D:1      | Noticed a soul eater
  2549 | D:1      | XOM: summons 3 hostile shadow creatures
  2758 | D:2      | XOM: god gift: ivory wand {god gift}
  3336 | D:1      | XOM is BORED!
  3336 | D:1      | XOM: stat loss: -3 Int (10/13)
  3529 | D:1      | XOM: noise
  3629 | D:1      | XOM: draining
  3674 | D:1      | XOM: god gift: Xom's Omnibus of Snakes and Ladders {god
                  | gift}
  3960 | D:1      | XOM: scenery: summon butterflies
  3973 | D:1      | XOM: god gift: scroll labelled XEOR LOT BEFUF {god gift}
  4304 | D:1      | XOM: cloud trail
  4373 | D:1      | XOM: god gift: club {god gift}
  5123 | D:1      | XOM: cloud trail
  6086 | D:1      | XOM: silly message
  6236 | D:1      | XOM: divination: detect creatures
  6314 | D:1      | XOM: silly message
  6513 | D:1      | XOM: silly message
  6960 | D:1      | XOM is BORED!
  6960 | D:1      | XOM: silly message
  7311 | D:1      | XOM: divination: detect creatures
  7462 | D:1      | XOM is BORED!
  7462 | D:1      | XOM: silly message
  7740 | D:1      | XOM: summons 2 hostile demons
  7873 | D:2      | XOM: silly message
  7909 | D:1      | XOM: give mutations
  7909 | D:1      | Lost mutation: Your movements are slightly less encumbered
                  | by armour. (ER -2) [Xom's mischief]
  7909 | D:1      | Gained mutation: You possess an exceptional clarity of
                  | mind. [Xom's mischief]
  7932 | D:1      | XOM: stat loss: -1 Str (10/11)
  7988 | D:1      | XOM: cloud trail
  8388 | D:1      | XOM: give mutation
  8388 | D:1      | Gained mutation: You are very robust. (+20% HP) [Xom's
                  | grace]
  8688 | D:2      | You are sucked into a shaft and drop 1 floor!
  8688 | D:3      | Found an opulent altar of Gozag.
  8688 | D:3      | Found Gozag's Platinum Reserve.
  8710 | D:3      | Reached XP level 4. HP: 35/42 MP: 0/0
  8831 | D:2      | Identified the +7 tower shield of Indomitability {-Tele
                  | rCorr Str+5 Int+3}
  8938 | D:2      | XOM: 3-stop teleportation journey
  9448 | D:3      | XOM: summons 3 friendly demons
  9452 | D:3      | Reached XP level 5. HP: 13/48 MP: 0/0
  9452 | D:3      | Learned a level 2 spell: Searing Ray
  9564 | D:3      | XOM: summons 3 hostile demons
  9577 | D:3      | Killed from afar by a white imp

Illustrated notes

Levels and vault maps discovered:
D:1:      lightli_molten_gateway, layout_loops_cross, minmay_hexomino_u4
D:2:      layout_basic
D:3:      layout_basic, nicolae_gozag_zags_fifth_avenue, serial_aquarium,
          aquarium_bridge_long_joined [aquarium_subvault_wall,
          aquarium_subvault_wall, aquarium_subvault_bridge,
          aquarium_subvault_bridge, aquarium_subvault_bridge,
          aquarium_subvault_bridge], aquarium_window_1, aquarium_window_2,
          aquarium_window_2, aquarium_view_2e, aquarium_view_2f,
          aquarium_balcony_5b, aquarium_pool_five, chequers_serial_rivers_marsh

Skill      XL: |  1  2  3 |
---------------+----------+-----
Spellcasting   | 1 |  1.8
Conjurations   | 1 |  1.8
Hexes          | 1 |  1.8
Summonings     | 1 |  1.8
Necromancy     | 1 |  1.8
Translocations | 1 |  1.8
Fire Magic     | 1 |  1.8
Ice Magic      | 1 |  1.8
Air Magic      | 1 |  1.8
Earth Magic    | 1 |  1.8
Alchemy        | 1 |  1.8
Long Blades    | 3 |  3.1
Fighting       | |  3.4
Armour         | |  1.9
Dodging        | |  2.9

Action                     |  1- 3 |  4- 6 || total
---------------------------+-------+-------++-------
  Melee: Falchion          |   111 |    56 ||   167
         Punch             |       |     1 ||     1
    Use: Scroll            |     1 |       ||     1
 Armour: Leather armour    |    58 |    39 ||    97
  Dodge: Dodged            |    94 |    37 ||   131

Table legend: (Time is in decaauts)
 A = Elapsed time spent in this place.
 B = Non-inter-level travel time spent in this place.
 C = Inter-level travel time spent in this place.
 D = Time resting spent in this place.
 E = Time spent auto-exploring this place.
 F = Levels seen in this place.
 G = Mean time per level.
                   A        B        C        D        E       F      G
               +--------+--------+--------+--------+--------+-----+--------+
         Total |   9607 |   9522 |     85 |   7544 |   1560 |   3 | 3202.3 |
       Dungeon |   9607 |   9522 |     85 |   7544 |   1560 |   3 | 3202.3 |
               +--------+--------+--------+--------+--------+-----+--------+

Top non-repeatable levels by time:
     D:1: 7753 daAuts
     D:2: 1561 daAuts
     D:3: 292 daAuts
